 Dungeon Crawl Stone Soup version 0.23.2-40-g277498a (webtiles) character file.

Game seed: 5426656236530083888

83 Fang the Skirmisher (level 4, -3/43 HPs)
             Began as a Gargoyle Berserker on Oct 23, 2019.
             Was a Believer of Trog.
             Slain by Sigmund
             ... wielding a +0 scythe
              (7 damage)
             ... on level 2 of the Dungeon.
             The game lasted 00:01:51 (1379 turns).

Fang the Skirmisher (Gargoyle Berserker)            Turns: 1379, Time: 00:01:52

Health: -3/43      AC:  5    Str: 26    XL:     4   Next: 44%
Magic:  4/4        EV: 12    Int:  8    God:    Trog [**....]
Gold:   72         SH:  0    Dex:  9    Spells: 3/3 levels left

rFire    . . .     SeeInvis .   a - +0 hand axe
rCold    . . .     Gourm    .   (no shield)
rNeg     + . .     Faith    .   b - +0 animal skin
rPois    ∞         Spirit   .   (no helmet)
rElec    +         Reflect  .   (no cloak)
rCorr    .         Harm     .   (no gloves)
MR       .....                  (no boots)
Stlth    ..........             (no amulet)
HPRegen  0.14/turn              (no ring)
MPRegen  0.09/turn              (no ring)

@: berserking, very quick
A: negative energy resistance 1, electricity resistance, unbreathing,
petrification resistance, rot immunity, AC +3
a: Berserk, Trog's Hand, Renounce Religion


You were on level 2 of the Dungeon.
You worshipped Trog.
Trog was pleased with you.
You were near starving.

You visited 1 branch of the dungeon, and saw 2 of its levels.

You collected 72 gold pieces.

Inventory:

Hand Weapons
 a - a +0 hand axe (weapon)
Armour
 b - a +0 animal skin (worn)
Jewellery
 j - an uncursed ring of see invisible {unknown}
Scrolls
 d - 2 scrolls of remove curse {unknown}
 e - a scroll of fog {unknown}
 f - a scroll of noise {unknown}
 g - a scroll of teleportation {unknown}
 i - a scroll of identify {unknown}
 k - a scroll of immolation {unknown}
Potions
 l - a potion of curing {unknown}
Comestibles
 c - 7 rations


   Skills:
 + Level 4.0 Fighting
 + Level 3.2 Axes
 + Level 3.1 Armour
 + Level 2.3 Dodging


You had 3 spell levels left.
You didn't know any spells.
Your spell library was empty.

Dungeon Overview and Level Annotations

Branches:
Dungeon (2/15)

Altars:
Ru

Annotations:
D:2 Sigmund


Innate Abilities, Weirdness & Mutations

You are resistant to torment.
Your stone body is resilient. (AC +3)
You are immune to poison.
You resist negative energy. (rN+)
You are resistant to electric shocks. (rElec)
You can survive without breathing.
You are immune to petrification.
You are immune to rotting.


Message History

Deactivating autopickup; reactivate with Ctrl-A.
Found a white potion.
Something hits you.
There is a strange disturbance nearby!
No target in view!
Something hits you.
A red film seems to cover your vision as you go berserk!
You feel yourself moving faster!
You feel mighty!
You are near starving!
You hear some strange, mumbled words.
A magic dart appears from out of thin air!
The magic dart hits you!
You slash something! Something hits you!
* * * LOW HITPOINT WARNING * * *
You barely miss something. You miss something. Something hits you.
* * * LOW HITPOINT WARNING * * *
You closely miss something. You hit something. Something hits you!
You die...

.......................#.....###.
...........#########........# ##.
.......<...######.....##....# #[.
#.....)................#....###..
..........#####..................
..........# #.............###..
..........# #.........##### #..
..........# #...####### ###
..........# #.@.# #........##
#.{.# ##......## #...# ########
#...# #!..# #...# ##..# ##.#


There were no monsters in sight!

Vanquished Creatures
  A centaur zombie (D:2)
  2 worms (D:2)
  2 dart slugs (D:2)
  9 bats
  5 goblins
  4 hobgoblins
  4 jackals (D:1)
  A quokka (D:2)
  A ball python (D:1)
  4 frilled lizards
  3 kobolds (D:1)
  5 rats
41 creatures vanquished.

Notes
Turn   | Place    | Note
-------+----------+-------------------------------------------
     0 | D:1      | Fang the Gargoyle Berserker began the quest for the Orb.
     0 | D:1      | Reached XP level 1. HP: 14/14 MP: 1/1
    69 | D:1      | Reached XP level 2. HP: 11/19 MP: 2/2
   611 | D:1      | Reached ** piety under Trog
   611 | D:1      | Reached XP level 3. HP: 23/23 MP: 3/3
   840 | D:2      | Found a sacrificial altar of Ru.
  1016 | D:2      | HP: 1/24 [centaur zombie (6)]
  1018 | D:2      | Reached skill level 4 in Fighting
  1018 | D:2      | Reached XP level 4. HP: 1/29 MP: 4/4
  1370 | D:2      | Noticed Sigmund
  1379 | D:2      | Slain by Sigmund

Skill      XL: |  1  2  3 |
---------------+----------+-----
Axes           | 3 |  3.2
Dodging        | 2 |  2.3
Fighting       | 4 |  4.0
Armour         | 3 |  3.1

Action                   |  1- 3 |  4- 6 || total
-------------------------+-------+-------++-------
Melee: Hand axe          |    83 |     8 ||    91
Invok: Berserk           |     1 |     1 ||     2
 Stab: Sleeping          |     1 |       ||     1
  Eat: Chunk             |     1 |     1 ||     2
Armor: Animal skin       |    34 |       ||    34
Dodge: Dodged            |    70 |       ||    70
